Map: Terrasses de Prion

Players

TØXiC - Winner!

  • Race: Zerg Zerg
  • League: Diamond

Worming

  • Race: Zerg Zerg
  • League: Diamond

VOD

Have the link to the VOD?

Description

Time

  • Played on: Nov. 28, 2015, 7:40 a.m.
  • Length: 14:38
Show
View Real Time Build Order
Export as new Build Order

TØXiC Zerg - Winner!

Build Orders: Pool First 

Get SALT Encoding   

  12  0:01  Drone  
  13  0:11  Drone  
  13  0:13  Extractor  
  13  0:29  Spawning Pool  
  13  0:32  Drone  
  13  0:37  Drone  
  14  0:44  Extractor  
  14  0:45  Drone  
  15  0:54  Overlord  
  15  1:16  Metabolic Boost  
  15  1:18  Zergling x6  
  18  1:30  Zergling x2  
  19  1:36  Queen  
  21  1:47  Baneling Nest  
  21  1:48  Drone  
  21  1:57  Overlord  
  21  2:02  Zergling x2  
  22  2:23  Zergling x4  
  24  2:35  Baneling x3  
  24  2:39  Zergling x2  
  25  2:47  Zergling x6  
  21  3:22  Zergling x10  
  25  3:52  Zergling x2  
  25  3:53  Zergling x2  
  25  3:54  Zergling x2  
  28  3:58  Queen  
  28  4:00  Overlord  
  30  4:12  Spine Crawler  
  24  4:50  Roach Warren  
  22  5:12  Drone x6  
  24  5:22  Hatchery  
  24  5:25  Drone  
  24  6:02  Drone x4  
  28  6:14  Queen  
  29  6:21  Roach x4  
  37  6:36  Drone x3  
  40  6:45  Overlord  
  40  6:46  Overlord  
  40  6:48  Overlord  
  40  6:58  Roach x2  
  40  7:00  Overlord  
  44  7:07  Drone  
  44  7:08  Drone  
  44  7:26  Drone x4  
  44  7:27  Drone x4  
  50  7:32  Lair  
  50  7:45  Extractor  
  49  8:09  Drone x3  
  49  8:10  Hatchery  
  49  8:12  Roach x6  
  63  8:29  Roach x2  
  63  8:30  Roach x2  
  63  8:34  Glial Reconstitution  
  71  8:53  Roach x2  
  71  8:54  Overlord  
  71  8:55  Overlord  
  75  8:58  Overlord  
  75  9:15  Roach  
  75  9:16  Roach x5  
  87  9:29  Overlord  
  87  9:30  Overlord x2  
  87  9:34  Drone  
  87  9:35  Drone x2, Extractor  
  89  9:44  Drone  
  89  9:45  Overlord, Extractor  
  89  9:46  Overlord  
  85  9:57  Roach  
  85  9:58  Roach x4  
  91  10:17  Roach  
  91  10:18  Roach x6  
  93  10:35  Hydralisk Den  
  93  10:40  Roach x5  
  93  10:41  Roach x2  
  76  11:16  Zergling x20  
  76  11:17  Zergling x12  
  82  11:25  Muscular Augments  
  82  11:27  Evolution Chamber  
  82  11:29  Evolution Chamber  
  71  11:41  Roach x7  
  71  11:45  Roach  
  72  11:54  Roach x3  
  72  12:00  Zerg Missile Weapons Level 1  
  76  12:15  Roach x6  
  74  12:21  Queen  
  76  12:29  Zerg Ground Armor Level 1  
  74  12:34  Drone  
  74  12:35  Drone x2  
  74  12:36  Drone  
  72  12:58  Hydralisk x4  
  72  12:59  Hydralisk x2  
  80  13:12  Hydralisk  
  80  13:13  Hydralisk x3  
  84  13:42  Zergling x2  
  84  13:43  Zergling x32  
  84  13:44  Zergling x2  
  92  14:00  Overlord  
  86  14:21  Hatchery  
Show
View Real Time Build Order
Export as new Build Order

Worming Zerg 

Build Orders: Hatch First, Zergling Baneling 

Get SALT Encoding   

  12  0:02  Drone  
  13  0:08  Drone  
  14  0:23  Drone x2, Extractor x2  
  16  0:42  Hatchery  
  15  0:53  Drone, Extractor x2  
  15  1:06  Spawning Pool  
  15  1:10  Overlord  
  14  1:19  Drone, Extractor  
  15  1:34  Drone  
  15  1:35  Drone x2  
  18  1:53  Baneling Nest, Zergling x2  
  18  1:55  Queen  
  18  1:57  Drone  
  21  2:05  Spine Crawler  
  20  2:08  Zergling x2  
  21  2:16  Metabolic Boost  
  21  2:21  Zergling x2  
  21  2:40  Baneling x2  
  21  2:41  Zergling x8  
  24  2:54  Zergling x6  
  26  3:08  Baneling x3  
  24  3:18  Zergling x4  
  22  3:20  Drone x4  
  26  3:31  Zergling x4  
  28  3:40  Overlord  
  28  3:45  Baneling  
  28  4:00  Baneling  
  27  4:04  Baneling  
  27  4:05  Baneling  
  27  4:06  Zergling x6  
  26  4:40  Baneling x2  
  26  4:41  Baneling  
  26  4:43  Queen  
  28  4:57  Hatchery  
  21  5:15  Evolution Chamber  
  21  5:19  Zergling x6  
  25  5:25  Spine Crawler  
  25  5:27  Lair  
  22  5:33  Roach Warren  
  22  5:34  Zergling x2  
  22  5:38  Baneling  
  22  5:39  Baneling  
  22  5:48  Extractor  
  21  6:04  Zerg Missile Weapons Level 1  
  21  6:06  Drone  
  21  6:07  Drone x2  
  21  6:08  Drone  
  25  6:15  Hatchery  
  23  6:32  Roach  
  29  6:33  Roach x2  
  29  6:47  Glial Reconstitution  
  29  6:57  Overlord x2  
  29  7:01  Queen  
  29  7:17  Drone x4  
  33  7:29  Drone x3  
  36  7:31  Drone  
  37  7:43  Roach x2  
  41  8:01  Zerg Missile Weapons Level 2  
  41  8:03  Roach x2  
  41  8:04  Roach  
  47  8:06  Baneling x2  
  47  8:27  Drone x2  
  47  8:32  Drone x2  
  51  8:35  Hatchery  
  51  8:37  Overlord  
  50  8:46  Ravager x2  
  52  8:50  Overlord  
  52  8:55  Drone x4  
  56  8:59  Ravager x2  
  56  9:02  Ravager  
  59  9:06  Zergling x2  
  60  9:31  Roach x4  
  68  9:33  Overlord x3  
  68  9:45  Overlord  
  55  10:05  Roach  
  55  10:06  Roach x7  
  64  10:17  Roach x2  
  64  10:18  Roach  
  55  10:42  Zergling x2, Roach x5  
  64  10:43  Zergling x4  
  66  10:55  Roach x2  
  66  10:56  Roach  
  70  11:07  Roach  
  70  11:08  Roach x2  
  72  11:23  Overseer  
  72  11:25  Zergling x8  
  76  11:29  Extractor  
  76  11:30  Drone x3  
  64  11:52  Ravager  
  64  11:53  Ravager  
  58  11:54  Zergling x6  
  58  11:55  Zergling x2  
  60  12:13  Roach  
  60  12:14  Roach x4  
  54  12:29  Roach x3  
  50  12:30  Zergling x6  
  52  12:39  Drone x3  
  52  12:41  Roach x2  
  57  12:56  Roach x2  
  59  13:06  Ravager  
  59  13:08  Ravager  
  61  13:19  Zergling x2, Hatchery  
  57  13:43  Roach x6  
  61  13:59  Roach x2  
  47  14:04  Roach  
  47  14:07  Ravager x3  
  47  14:09  Roach  
  54  14:19  Roach x2  
Tags
 
Add a new tag
Caveats
  • Supply blocks, unpowered buildings, or Contaminate may cause inaccurate times.
  • Supply counts are checked every 10 seconds.